 Dungeon Crawl Stone Soup version 0.17.1-3-g152610e (webtiles) character file.

33519 Goblin1989 the Prestidigitator (level 13, -13/117 HPs)
             Began as a Deep Dwarf Fighter on Feb 23, 2016.
             Was a High Priest of Makhleb.
             Killed from afar by a lindwurm (22 damage)
             ... with a blast of flame
             ... on level 7 of the Lair of Beasts.
             The game lasted 00:42:09 (12786 turns).

Goblin1989 the Prestidigitator (DDFi)              Turns: 12786, Time: 00:42:09

Health: -13/117    AC: 20    Str: 23    XL:     13   Next: 37%
Magic:  19/19      EV:  5    Int: 11    God:    Makhleb [*****.]
Gold:   1060       SH: 11    Dex: 14    Spells: 0 memorised, 12 levels left

rFire  . . .     SeeInvis .     a - +10 mace "Nathriy" {freeze, Dex+2}
rCold  . . .     Clarity  +     j - +1 plate armour {MR+}
rNeg   . . .     SustAt   .     c - +0 shield
rPois  +         Gourm    .     (no helmet)
rElec  .         Spirit   .     h - +2 cloak
rCorr  .         Warding  .     g - +0 pair of gloves
rMut   .         Stasis   .     Q - +0 pair of boots
MR     +++..                    Y - amulet of clarity
Stlth  ..........               w - ring of poison resistance
                                v - ring of protection from magic

@: non-regenerating, extremely resistant to hostile enchantments, extremely
unstealthy
A: damage resistance, recharge devices, sense surroundings 2, slow regeneration
3
a: Device Recharging, Minor Destruction, Lesser Servant of Makhleb, Major
Destruction, Greater Servant of Makhleb, Renounce Religion


You were on level 7 of the Lair of Beasts.
You worshipped Makhleb.
Makhleb was extremely pleased with you.
You were very hungry.

You visited 3 branches of the dungeon, and saw 18 of its levels.
You also visited: Volcano.

You collected 1060 gold pieces.

Inventory:

Hand Weapons
 a - the +10 mace "Nathriy" (weapon) {freeze, Dex+2}
   (You found it on level 4 of the Dungeon)

   It has been specially enchanted to freeze those struck by it, causing extra
   injury to most foes and up to half again as much damage against particularly
   susceptible opponents.
   It can also slow down cold-blooded creatures.
   It affects your dexterity (+2).
 b - a +3 flail of holy wrath
Armour
 c - a +0 shield (worn)
 g - a +0 pair of gloves (worn)
 h - a +2 cloak (worn)
 j - a +1 plate armour of magic resistance (worn)
 Q - a +0 pair of boots (worn)
Jewellery
 v - a ring of protection from magic (left hand)
 w - a ring of poison resistance (right hand)
 O - an uncursed amulet of warding
 P - an uncursed ring of positive energy
 X - an uncursed ring of fire
 Y - an amulet of clarity (around neck)
Wands
 e - a wand of heal wounds (0)
 i - a wand of digging (11)
 o - a wand of draining (0)
 q - a wand of lightning (0)
 r - a wand of enslavement (6)
 E - a wand of fire (0)
 G - a wand of polymorph (17)
 N - a wand of disintegration (0)
 R - a wand of confusion (0)
 T - a wand of random effects (37)
 W - a wand of enslavement (0)
Scrolls
 k - a scroll of enchant armour {unknown}
 n - 9 scrolls of remove curse
 p - 2 scrolls of fear {unknown}
 t - 5 scrolls of teleportation {unknown}
 y - 2 scrolls of immolation {unknown}
 A - 8 scrolls of noise {unknown}
 D - 4 scrolls of random uselessness {unknown}
 F - 4 scrolls of recharging {unknown}
 I - a scroll of fog {unknown}
 J - 2 scrolls of blinking {unknown}
 U - 2 scrolls of enchant weapon {unknown}
Potions
 d - 3 potions of might
 l - 11 potions of curing
 m - 3 potions of cancellation
 u - a potion of resistance {unknown}
 x - a potion of heal wounds
 z - a potion of haste
 B - 2 potions of cure mutation
 C - a potion of beneficial mutation
 K - 3 potions of berserk rage
 L - 4 potions of flight
 M - 2 potions of agility
 S - a potion of ambrosia {unknown}
Comestibles
 f - 9 bread rations
 s - 6 meat rations
 H - 5 beef jerkies
 V - 4 fruits


   Skills:
 + Level 8.3 Fighting
 - Level 14.0 Maces & Flails
 + Level 7.1 Armour
 + Level 7.2 Shields
 + Level 10.8 Invocations
 + Level 14.1 Evocations


You had 12 spell levels left.
You didn't know any spells.

Dungeon Overview and Level Annotations

Branches:
Dungeon (10/15)            Temple (1/1) D:7            Lair (7/8) D:9
 Shoals (0/4) Lair:5       Spider (0/4) Lair:5          Orc (0/4) D:9
  Slime: Lair:6-8

Altars:
Ashenzari
Cheibriados
Dithmenos
Elyvilon
Fedhas
Gozag
Kikubaaqudgha
Makhleb
Nemelex Xobeh
Okawaru
Qazlal
Ru
Sif Muna
Trog
Vehumet
Xom
Yredelemnul
Zin
The Shining One

Shops:
D:7 [   D:9 }


Innate Abilities, Weirdness & Mutations

You are resistant to damage.
You can recharge devices by infusing magical energy.
You passively map the area around you.
You do not regenerate naturally.


Message History

The lindwurm roars!
A lindwurm comes into view.
The lindwurm roars!
The lindwurm is too close now for your liking.
There are monsters nearby!
There are monsters nearby!
You are too injured to fight recklessly!
You are too injured to fight recklessly!
You are too injured to fight recklessly!
You are too injured to fight recklessly!
You are too injured to fight recklessly!
There are monsters nearby!
There are monsters nearby!
There are monsters nearby!
The lindwurm breathes flames at you. The blast of flame hits you!
* * * LOW HITPOINT WARNING * * *
The lindwurm breathes flames at you. The blast of flame hits you!
You die...

* ##.§§§≈≈......# ≈
,.#.k≈§§§.......# *
#.k≈≈≈≈§.......# *
.kk≈≈≈≈§.......##
.≈≈≈≈§≈.........#
≈§≈≈≈≈≈≈.....#..##
,≈
≈≈≈≈≈≈≈≈...#.###.# ≈
≈ §≈§§≈......#..>#
≈≈≈≈≈≈....@....#..#*
, , .§§§............
* ,,
.....P.......+.# ,
....###.....#..#* ,
, .... .....P... ,,
,... ...P....... , ,
.., .........* ,,, ,
.........P, , *


You could see 4 lindwurms.

Vanquished Creatures
  6 hydras
  11 death yaks
  Urug (Volcano)
  The ghost of kaze the Nimble, a novice TrBe of Trog (D:7)
  3 black mambas
  8 spiny frogs
  The ghost of Goblin1989 the Spear-Bearer, a novice MfSk (D:5)
  2 fire drakes
  5 komodo dragons
  18 blink frogs
  Prince Ribbit (Lair:2)
  6 yaks (Lair:5)
  4 trapdoor spiders (Lair:5)
  A steam dragon (D:9)
  5 fire bats (Volcano)
  Grum (D:9)
  20 wolves
  5 hippogriffs
  A wyvern (D:9)
  Menkaure (D:4)
  3 wargs (D:9)
  Edmund (D:4)
  6 water moccasins
  8 porcupines
  2 sky beasts
  7 orc warriors
  An ice beast (D:8)
  2 centaurs
  3 ogres
  A big kobold (D:7)
  11 giant frogs
  7 crocodiles
  2 phantoms
  2 scorpions
  4 killer bees (D:8)
  7 wights
  4 lava snakes (Volcano)
  3 crimson imps
  3 giant frog skeletons
  2 centaur zombies
  7 orc wizards
  2 jellies (D:6)
  Crazy Yiuf (D:4)
  3 hounds
  10 orc priests
  8 worker ants
  9 iguanas
  13 sheep
  A killer bee zombie (D:8)
  A hound skeleton (D:8)
  A hound zombie (D:5)
  A worker ant zombie (D:5)
  A gnoll (D:7)
  10 adders
  19 river rats
  An adder zombie (D:8)
  An adder skeleton (D:8)
  3 giant geckos
  39 orcs
  11 goblins
  17 hobgoblins
  3 jackals (D:7)
  24 kobolds
  5 quokkas
  5 ball pythons
  7 bats
  A giant cockroach (D:2)
  5 giant newts
  11 rats
400 creatures vanquished.

Vanquished Creatures (others)
  An orc wizard (D:4)
  An adder skeleton (D:9)
  4 fungi
  14 plants (Lair:5)
20 creatures vanquished.

Grand Total: 420 creatures vanquished

Notes
Turn   | Place    | Note
--------------------------------------------------------------
     0 | D:1      | Goblin1989 the Deep Dwarf Fighter began the quest for the Orb.
     0 | D:1      | Reached XP level 1. HP: 20/20 MP: 1/1
   139 | D:1      | Reached XP level 2. HP: 21/27 MP: 2/2
   482 | D:2      | Reached XP level 3. HP: 33/33 MP: 3/3
   664 | D:2      | Reached skill level 1 in Evocations
   981 | D:2      | Reached skill level 4 in Maces & Flails
  1031 | D:2      | Reached XP level 4. HP: 32/40 MP: 5/5
  2050 | D:4      | Noticed Crazy Yiuf
  2064 | D:4      | Killed Crazy Yiuf
  2064 | D:4      | Reached XP level 5. HP: 29/46 MP: 7/7
  2081 | D:4      | Got a dazzling mace
  2082 | D:4      | Identified the +10 mace "Nathriy" {freeze, Dex+2} (You found it on level 4 of the Dungeon)
  2204 | D:4      | Reached skill level 5 in Maces & Flails
  2349 | D:4      | Reached XP level 6. HP: 55/55 MP: 8/8
  2450 | D:4      | Reached skill level 6 in Maces & Flails
  2480 | D:4      | Noticed Menkaure
  2483 | D:4      | Noticed Edmund
  2489 | D:4      | Noticed a phantom
  2490 | D:4      | Killed Edmund
  2494 | D:4      | Killed Menkaure
  2494 | D:4      | Reached skill level 5 in Evocations
  2494 | D:4      | Reached XP level 7. HP: 29/61 MP: 10/10
  2518 | D:4      | Killed a phantom
  2518 | D:4      | Reached skill level 7 in Maces & Flails
  2631 | D:4      | Found a stormy altar of Qazlal.
  2633 | D:4      | Found an iron altar of Okawaru.
  2732 | D:5      | Entered Level 5 of the Dungeon
  2741 | D:5      | Noticed Goblin1989's ghost (novice MfSk)
  2755 | D:5      | Killed Goblin1989's ghost
  2755 | D:5      | Reached skill level 8 in Maces & Flails
  2755 | D:5      | Reached XP level 8. HP: 50/68 MP: 12/12
  2973 | D:5      | Found a glowing golden altar of the Shining One.
  3974 | D:6      | Reached skill level 9 in Maces & Flails
  4471 | D:7      | Noticed kaze's ghost (novice TrBe)
  4491 | D:7      | Killed kaze's ghost
  4491 | D:7      | Reached skill level 10 in Maces & Flails
  4491 | D:7      | Gained mutation: You passively map the area around you. [Deep Dwarf growth]
  4491 | D:7      | Reached XP level 9. HP: 26/74 MP: 14/14
  4506 | D:7      | Found an iron altar of Okawaru.
  4527 | D:7      | Found Kerizobb's Armour Emporium.
  4874 | D:7      | Found a staircase to the Ecumenical Temple.
  4880 | Temple   | Entered the Ecumenical Temple
  4907 | Temple   | Became a worshipper of Makhleb the Destroyer
  4957 | D:7      | Reached skill level 11 in Maces & Flails
  5361 | D:7      | Reached skill level 1 in Invocations
  5982 | D:8      | Reached skill level 10 in Evocations
  6076 | D:8      | Reached * piety under Makhleb
  6214 | D:9      | Reached XP level 10. HP: 23/84 MP: 16/16
  6348 | D:9      | Found Misol's Gadget Boutique.
  6448 | D:9      | Found a staircase to the Orcish Mines.
  6511 | D:9      | Found a staircase to the Lair.
  6520 | D:9      | Reached ** piety under Makhleb
  6543 | D:9      | Reached skill level 12 in Maces & Flails
  6723 | D:9      | Noticed Grum
  6742 | D:9      | Killed Grum
  6747 | D:9      | Reached skill level 5 in Invocations
  7069 | D:10     | Entered Level 10 of the Dungeon
  7238 | Lair:1   | Entered Level 1 of the Lair of Beasts
  7249 | Lair:1   | Reached *** piety under Makhleb
  7251 | Lair:1   | Noticed a five-headed hydra
  7265 | Lair:1   | Killed a five-headed hydra
  7417 | Lair:1   | Reached skill level 5 in Fighting
  7417 | Lair:1   | Reached XP level 11. HP: 41/94 MP: 16/16
  7444 | Lair:1   | Noticed a seven-headed hydra
  7444 | Lair:1   | Noticed a six-headed hydra
  7457 | Lair:1   | Killed a seven-headed hydra
  7463 | Lair:1   | HP: 4/94 [komodo dragon (16)]
  7473 | Lair:1   | Killed a six-headed hydra
  7475 | Lair:1   | Reached skill level 13 in Maces & Flails
  8009 | Lair:1   | You fall through a shaft!
  8310 | Lair:2   | Noticed Prince Ribbit
  8319 | Lair:2   | Killed Prince Ribbit
  8753 | Lair:2   | Found a burning altar of Makhleb.
  8787 | Lair:2   | Reached **** piety under Makhleb
 10064 | Lair:4   | Reached XP level 12. HP: 53/106 MP: 17/17
 10073 | Lair:4   | Reached skill level 14 in Maces & Flails
 10288 | Lair:4   | Noticed a death yak
 10290 | Lair:4   | Noticed a death yak
 10290 | Lair:4   | Noticed a death yak
 10291 | Lair:4   | Noticed a death yak
 10291 | Lair:4   | Noticed a death yak
 10322 | Lair:4   | Killed a death yak
 10322 | Lair:4   | Reached ***** piety under Makhleb
 10337 | Lair:4   | Killed a death yak
 10341 | Lair:4   | Killed a death yak
 10347 | Lair:4   | Killed a death yak
 10517 | Lair:4   | Killed a death yak
 10905 | Lair:5   | Reached skill level 5 in Shields
 10925 | Lair:5   | Reached skill level 5 in Armour
 11011 | Lair:5   | Noticed a six-headed hydra
 11040 | Lair:5   | Killed a six-headed hydra
 11057 | Lair:5   | Reached skill level 10 in Invocations
 11116 | Lair:5   | Found a dark tunnel.
 11121 | Volcano  | Entered a volcano
 11281 | Volcano  | Found a burning altar of Makhleb.
 11281 | Volcano  | Noticed Urug
 11314 | Volcano  | Killed Urug
 11442 | Lair:5   | Found a staircase to the Shoals.
 11577 | Lair:5   | Reached XP level 13. HP: 52/117 MP: 19/19
 11798 | Lair:5   | Found a hole to the Spider Nest.
 11809 | Lair:5   | Noticed an eight-headed hydra
 11825 | Lair:5   | Killed an eight-headed hydra
 12786 | Lair:7   | Killed from afar by a lindwurm

Action                   |  1- 3 |  4- 6 |  7- 9 | 10-12 | 13-15 || total
-------------------------+-------+-------+-------+-------+-------++-------
Melee: Flail             |   176 |   135 |       |       |       ||   311
       Mace              |       |    57 |   311 |   698 |   118 ||  1184
 Abil: Device Recharging |       |       |     1 |     3 |       ||     4
Evoke: Wand              |     1 |     3 |     9 |    37 |     7 ||    57
  Use: Scroll            |       |       |       |    16 |       ||    16
       Potion            |       |       |       |     1 |       ||     1
 Stab: Confused          |       |       |     1 |     5 |       ||     6
  Eat: Chunk             |       |     5 |     7 |     9 |       ||    21
       Fruit             |       |     1 |       |     3 |     5 ||     9
       Pizza             |       |       |     1 |     1 |       ||     2
       Meat ration       |       |       |     1 |       |       ||     1
       Royal jelly       |       |       |       |     1 |       ||     1
